 Dungeon Crawl Stone Soup version 0.25.1-2-g60ff931 (webtiles) character file.

Game seed: 16415689501316782611

7116 2bobheroes the Covert (level 10, -1/51 HPs)
             Began as a Spriggan Assassin on Sept 22, 2020.
             Was a High Priest of Okawaru.
             Slain by an ogre
             ... wielding a +0 giant club
             ... led by an orc knight
              (26 damage)
             ... on level 1 of the Orcish Mines on Sept 23, 2020.
             The game lasted 01:05:11 (14361 turns).

2bobheroes the Covert (Spriggan Assassin)          Turns: 14361, Time: 01:05:12

Health: -1/51      AC:  3    Str:  7    XL:     10   Next: 85%
Magic:  11/11      EV: 17    Int: 14    God:    Okawaru [*****.]
Gold:   518        SH:  8    Dex: 20    Spells: 6/9 levels left

rFire    . . .     SeeInvis +   X - +2 dagger (elec)
rCold    . . .     Gourm    .   j - +0 buckler
rNeg     . . .     Faith    +   y - +0 animal skin
rPois    .         Spirit   .   (helmet restricted)
rElec    .         Reflect  .   c - +0 cloak
rCorr    +         Harm     .   (gloves unavailable)
MR       +....                  (boots unavailable)
Stlth    +++++.....             i - amulet of faith
HPRegen  0.17/turn              r - ring of resist corrosion
MPRegen  0.12/turn              (no ring)

@: very quick
A: very small, unfitting armour, see invisible, herbivore, speed 3, slow
metabolism 2
a: Heroism, Finesse, Renounce Religion


You were on level 1 of the Orcish Mines.
You worshipped Okawaru.
Okawaru was extremely pleased with you.
You were not hungry.

You visited 3 branches of the dungeon, and saw 12 of its levels.
You also visited: Sewer.

You collected 518 gold pieces.

Inventory:

Hand Weapons
 b - a +1 vampiric war axe
 K - a +0 hunting sling
 M - a +1 vampiric hand axe
 W - a +3 dagger of speed
 X - a +2 dagger of electrocution (weapon)
Missiles
 a - 4 silver boomerangs
 d - 19 poisoned darts (quivered)
 e - 2 curare-tipped darts
 o - 224 stones
 w - 25 boomerangs
 D - 72 sling bullets
 Y - 3 atropa-tipped darts
Armour
 c - a +0 cloak (worn)
 j - a +0 buckler (worn)
 y - a +0 animal skin (worn)
 R - +0 fire dragon scales
Jewellery
 i - an amulet of faith (around neck)
 r - a ring of resist corrosion (left hand)
 z - an uncursed ring of ice
 G - an uncursed ring of see invisible
 I - an uncursed ring of protection from cold {unknown}
Wands
 C - a wand of random effects (34)
 E - a wand of acid (13)
 F - a wand of iceblast (15)
 U - a wand of disintegration (18)
Scrolls
 g - 4 scrolls of identify
 n - 3 scrolls of blinking
 p - 2 scrolls of immolation
 t - 2 scrolls of amnesia
 x - 5 scrolls of teleportation
 A - 2 scrolls of remove curse
 J - a scroll of vulnerability
 N - a scroll of magic mapping
 O - a scroll of fear {unknown}
 S - a scroll of random uselessness {unknown}
Potions
 h - 4 potions of stabbing
 k - 8 potions of curing
 l - a potion of resistance
 m - 7 potions of heal wounds
 q - 2 potions of lignification
 s - 3 potions of flight
 u - a potion of cancellation
 v - a potion of ambrosia
 B - 4 potions of might
 H - 3 potions of brilliance
 L - a potion of magic {unknown}
 P - a potion of haste {unknown}
 Q - a potion of invisibility
 T - a potion of degeneration {unknown}
 V - a potion of berserk rage {unknown}
Comestibles
 f - 6 rations


   Skills:
 + Level 5.5 Fighting
 + Level 7.3 Short Blades
 * Level 9.1 Throwing
 - Level 1.9 Dodging
 + Level 11.3 Stealth
 * Level 6.7 Shields


You had 6 spell levels left.
You knew the following spells:

 Your Spells              Type           Power        Failure   Level  Hunger
a - Confusing Touch       Hex            #.......     65%         3    ####...

Your spell library contained the following spells:

 Spells                   Type           Power        Failure   Level  Hunger
 Beastly Appendage        Tmut           #.....       28%         1    ##.....
 Magic Dart               Conj           #...         28%         1    ##.....
 Searing Ray              Conj           #.....       41%         2    ###....
 Sticks to Snakes         Tmut           #.......     41%         2    ###....
 Dazzling Flash           Conj/Hex       #.....       65%         3    ####...
 Gell's Gravitas          Tloc           #.........   65%         3    ####...
 Spider Form              Tmut/Pois      #.........   65%         3    ####...
 Fulminant Prism          Conj/Hex       #.........   96%         4    #####..
 Ice Form                 Ice/Tmut       #.......     96%         4    #####..
 Iskenderun's Mystic Bla  Conj/Tloc      #.......     96%         4    #####..
 Petrify                  Tmut/Erth      #.......     96%         4    #####..
 Blade Hands              Tmut           #.........   100%        5    ######.
 Metabolic Englaciation   Hex/Ice        #.........   100%        5    ######.
 Yara's Violent Unravell  Hex/Tmut       #.........   100%        5    ######.


Dungeon Overview and Level Annotations

Branches:
Dungeon (10/15)            Temple (1/1) D:6             Orc (1/2) D:9
  Sewer (visited)
   Lair: D:8-11

Altars:
Ashenzari
Cheibriados
Dithmenos
Elyvilon
Fedhas
Gozag
Hepliaklqana
Kikubaaqudgha
Makhleb
Nemelex Xobeh
Okawaru
Qazlal
Ru
Sif Muna
Trog
Uskayaw
Vehumet
Wu Jian
Xom
Yredelemnul
Zin
The Shining One
Beogh

Shops:
D:8 [   D:9 }

Annotations:
D:3 2 transporters, WaxSun's ghost, amateur DrTm


Innate Abilities, Weirdness & Mutations

You are very small and have problems with some larger weapons.
You are too small for most types of armour.
You have supernaturally acute eyesight. (SInv)
You are a herbivore.
You cover ground extremely quickly.
You need to consume almost no food.


Message History

Where to? (Enter - Orc:1, ? - help)
What level of the Orcish Mines? (default 1, ? - help)
There is a staircase to the Orcish Mines here.
You climb downwards.
Welcome back to the Orcish Mines!
The orc knight roars a battlecry!
The orcs go into a battle-frenzy!
You block the ogre's attack. You block the orc's attack.
The orc hits you but does no damage. The orc completely misses you.
The orc knight unwields a +0 long sword.
The orc knight wields a +0 arbalest.
The orc knight shoots a bolt.
The bolt hits you!!
Ouch! That really hurt!
The orc misses you.
You hear a shout!
There is a staircase back to the Dungeon, spattered with blood here.
You see here a bolt.
The orc misses you.
The ogre hits you with a +0 giant club!!
Ouch! That really hurt!
You die...

............o#
. ........... #
.....o......
##.#..#........
#....#.........
#.............
##............
#...oo@O>.....
##.#.ooo......
#...........
..o.##....$..
#.... #......
#$#.# ...##.
#...# ...# ##.#
....


You could see an orc knight, an ogre, an orc priest, 2 orc wizards and 4 orcs.

Vanquished Creatures
  A two-headed ogre (D:9)
  A deep elf mage (D:8)
  A troll (D:9)
  A queen bee (D:9)
  Prince Ribbit (D:7)
  A hippogriff (D:7)
  Sigmund (D:2)
  A wyvern (D:9)
  A hungry ghost (D:7)
  4 orc warriors
  A sky beast (D:8)
  8 ogres
  A phantom (D:6)
  A centaur (D:6)
  A necrophage (D:7)
  A crocodile (D:9)
  4 big kobolds
  2 gnoll sergeants (D:9)
  A bullfrog (D:7)
  A scorpion (D:8)
  25 killer bees
  An electric eel (D:9)
  5 howler monkeys
  A crimson imp (D:5)
  A quasit (D:6)
  8 hounds
  9 orc wizards
  4 orc priests
  A bullfrog skeleton (D:7)
  4 jellies
  A centaur skeleton (D:5)
  Jessica (D:2)
  6 worker ants
  2 hound zombies
  A hound skeleton (D:8)
  Robin (D:3)
  17 gnolls
  11 adders
  3 river rats (Sewer)
  2 shadow imps (D:8)
  2 oozes (D:4)
  2 adder skeletons (D:8)
  3 worms
  2 dart slugs
  7 leopard geckos
  50 orcs
  8 giant cockroaches
  11 goblins
  11 hobgoblins
  11 jackals
  7 quokkas
  5 ball pythons
  5 bats
  6 frilled lizards
  26 kobolds
  A leopard gecko skeleton (D:4)
  A quokka skeleton (D:9)
  28 rats
324 creatures vanquished.

Notes
Turn   | Place    | Note
-------+----------+-------------------------------------------
     0 | D:1      | 2bobheroes the Spriggan Assassin began the quest for the
                  | Orb.
     0 | D:1      | Reached XP level 1. HP: 10/10 MP: 2/2
   253 | D:1      | Reached XP level 2. HP: 10/15 MP: 3/3
   383 | D:1      | Reached skill level 6 in Stealth
   970 | D:2      | Reached XP level 3. HP: 18/18 MP: 4/4
  1502 | D:2      | Reached XP level 4. HP: 14/23 MP: 5/5
  1732 | D:2      | Reached skill level 1 in Shields
  2090 | D:2      | Noticed Sigmund
  2098 | D:2      | Killed Sigmund
  2098 | D:2      | Reached XP level 5. HP: 27/27 MP: 6/6
  2114 | D:2      | Reached XP level 6. HP: 32/32 MP: 7/7
  2121 | D:2      | Found a blossoming altar of Fedhas.
  2193 | D:2      | Noticed Jessica
  2198 | D:2      | Killed Jessica
  2566 | D:3      | Reached skill level 7 in Stealth
  2945 | D:3      | Noticed Robin
  3012 | D:3      | Killed Robin
  3137 | D:3      | Found a transporter.
  3138 | D:3      | Noticed WaxSun's ghost (amateur DrTm)
  3141 | D:3      | Found a transporter.
  4413 | D:4      | Found a faded altar of an unknown god.
  4413 | D:4      | Found a glowing silver altar of Zin.
  4418 | D:4      | Found a stormy altar of Qazlal.
  4420 | D:4      | Found a faded altar of an unknown god.
  4422 | D:4      | Found a hide-covered altar of Uskayaw.
  4536 | D:5      | Entered Level 5 of the Dungeon
  4594 | D:5      | Reached XP level 7. HP: 34/35 MP: 8/8
  5892 | D:6      | Found a glowing drain.
  5901 | D:6      | Found a staircase to the Ecumenical Temple.
  5912 | D:6      | Reached skill level 5 in Throwing
  5958 | Sewer    | Entered a sewer
  6314 | Sewer    | Reached skill level 8 in Stealth
  6509 | Sewer    | Reached XP level 8. HP: 24/40 MP: 9/9
  7290 | Temple   | Entered the Ecumenical Temple
  7380 | Temple   | Became a worshipper of Warmaster Okawaru
  7974 | D:6      | Found a shadowy altar of Dithmenos.
  8144 | D:7      | Reached * piety under Okawaru
  8440 | D:7      | Noticed Prince Ribbit
  8450 | D:7      | Found a shimmering altar of Xom.
  8475 | D:7      | Killed Prince Ribbit
  8475 | D:7      | Reached skill level 5 in Short Blades
  8492 | D:7      | Reached skill level 9 in Stealth
  8580 | D:7      | Noticed a hippogriff
  8583 | D:7      | Killed a hippogriff
  8583 | D:7      | Reached ** piety under Okawaru
  8583 | D:7      | Reached XP level 9. HP: 45/45 MP: 10/10
  9008 | D:7      | Found a shattered altar of Ashenzari.
  9008 | D:7      | Found an ancient bone altar of Kikubaaqudgha.
  9324 | D:8      | Found Wubikh's Armour Emporium.
  9374 | D:8      | Reached skill level 5 in Shields
  9390 | D:8      | Noticed a deep elf mage
  9516 | D:8      | Killed a deep elf mage
  9516 | D:8      | Reached *** piety under Okawaru
  9516 | D:8      | Reached skill level 10 in Stealth
  9732 | D:8      | Learned a level 3 spell: Confusing Touch
 10614 | D:8      | Reached XP level 10. HP: 49/51 MP: 11/11
 11039 | D:8      | Reached **** piety under Okawaru
 11532 | D:9      | Found a staircase to the Orcish Mines.
 11541 | D:9      | Found a roughly hewn altar of Beogh.
 11969 | D:9      | Reached skill level 5 in Fighting
 12579 | D:9      | Noticed a two-headed ogre
 12638 | D:9      | Killed a two-headed ogre
 12638 | D:9      | Received a gift from Okawaru
 12697 | D:9      | Found Eruzupih's Gadget Boutique.
 13290 | D:9      | Reached skill level 11 in Stealth
 13494 | D:9      | Reached ***** piety under Okawaru
 14036 | D:10     | Entered Level 10 of the Dungeon
 14110 | Orc:1    | Entered Level 1 of the Orcish Mines
 14110 | Orc:1    | Noticed an orc knight
 14159 | D:9      | Received a gift from Okawaru
 14361 | Orc:1    | Slain by an ogre

Illustrated notes

Levels and vault maps discovered:
D:1:      minmay_arrival_stone_box, layout_loops_ring,
          chequers_serial_rivers_micro_a
D:2:      layout_basic, fedhas_altar_1, grunt_decor_cap, uniq_jessica,
          uniq_sigmund
D:3:      layout_loops_cross, gammafunk_ghost_smash, uniq_robin
D:4:      layout_rooms, chequers_temple_overflow_minitemple, first_ration
D:5:      layout_basic
D:6:      layout_rooms, minmay_temple_entry_large_hall, gup_sewer_entry_glass,
          grunt_dithmenos_shadows
D:7:      layout_rooms, amethyst_overflow_temple_binary, basic_altar,
          uniq_prince_ribbit1
D:8:      layout_rooms, serial_shops, shop
D:9:      layout_big_octagon, minmay_orc_entry_temple_small, serial_shops,
          nicolae_shop_stone, serial_gnoll_camp, gnoll_camp_mini_house,
          gnoll_camp_mini_doghouse, gnoll_camp_mini_basic,
          gnoll_camp_mini_doghouse, david_nohive_1
D:10:     layout_roguey, corexii_corridor_pit, mrwooster_statue_mirror,
          minmay_misc_feat_more_columns, kennysheep_cluttered_room
Temple:   lightli_temple_of_artemis
Orc:1:    layout_caves

Skill      XL: |  1  2  3  4  5  6  7  8  9 10 |
---------------+-------------------------------+-----
Stealth        | 6 7 8 9 10 11 | 11.3
Fighting       | 2 3 4 5 |  5.5
Throwing       | 3 4 5 6 7 9 |  9.1
Shields        | 2 3 4 5 6 |  6.7
Short Blades   | 3 4 5 6 7 |  7.3
Dodging        | |  1.9

Action                   |  1- 3 |  4- 6 |  7- 9 | 10-12 || total
-------------------------+-------+-------+-------+-------++-------
Melee: Dagger            |   106 |   266 |   367 |   120 ||   859
 Fire: Hunting sling     |       |       |    11 |       ||    11
Throw: Dart              |     4 |    26 |   210 |   188 ||   428
       Boomerang         |       |    57 |    88 |    34 ||   179
Invok: Heroism           |       |       |     1 |     3 ||     4
Evoke: Wand              |       |       |     3 |       ||     3
  Use: Scroll            |       |       |    20 |     1 ||    21
       Potion            |       |       |     2 |     3 ||     5
 Stab: Sleeping          |     7 |    12 |    19 |     1 ||    39
       Distracted        |       |     1 |     1 |       ||     2
  Eat: Ration            |       |     1 |     3 |     2 ||     6
Armor: Robe              |    10 |     7 |       |       ||    17
       Animal skin       |       |    15 |    40 |     5 ||    60
Dodge: Dodged            |    57 |   141 |   237 |   111 ||   546
Block: Buckler           |    18 |    62 |   138 |    61 ||   279
